 Dungeon Crawl Stone Soup version 0.14-a0-2506-gc7bb754 (webtiles) character file.

789 Kae the Firebug (level 7, 0/36 HPs)
             Began as a Tengu Fire Elementalist on Feb 9, 2014.
             Slain by dck's ghost (7 damage)
             ... in a sewer.
             The game lasted 00:07:46 (6065 turns).

Kae the Firebug (Tengu Fire Elementalist)           Turns: 6065, Time: 00:07:47

HP   0/36        AC  5     Str  8      XL: 7   Next: 57%
MP   2/17        EV 12     Int 18      God:
Gold 124         SH  0     Dex 14      Spells:  4 memorised,  3 levels left

rFire  . . .     SeeInvis .     e - +1,+0 elf dagger (curse)
rCold  . . .     Clarity  .     a - +0 robe
rNeg   . . .     Conserve .     (no shield)
rPois  .         rCorr    .     (helmet restricted)
rElec  .         rRot     .     (no cloak)
SustAb . .       Spirit   .     (no gloves)
rMut   .         Warding  .     (boots unavailable)
Saprov . . .     Stasis   .     d - amulet of faith
MR     .....                    (no ring)
                                j - +3 ring of protection

@: not resistant to hostile enchantments, fairly stealthy
A: able to fly, beak, talons 3
a: Fly


You were in a sewer.
You were not hungry.

You visited 1 branch of the dungeon, and saw 5 of its levels.
You also visited: Sewer.

You collected 124 gold pieces.

Inventory:

Hand weapons
 e - a cursed +1,+0 elven dagger (weapon)
Armour
 a - a +0 robe (worn)
Magical devices
 v - a wand of frost (6)
 w - a wand of random effects (15)
Comestibles
 c - 6 bread rations
 f - 2 meat rations
 k - a lemon
 q - 2 chokos
Scrolls
 i - 2 scrolls of remove curse
 t - a scroll of curse armour {unknown}
 u - a scroll of identify
 x - a scroll of blinking
Jewellery
 d - an amulet of faith (around neck)
 j - a +3 ring of protection (left hand)
Potions
 g - a potion of confusion {unknown}
 h - a potion of lignification {unknown}
 m - a potion of paralysis {unknown}
 n - a potion of invisibility {unknown}
 o - 2 potions of curing {unknown}
 p - a potion of speed
 r - 3 potions of heal wounds
 s - a potion of magic {unknown}
Books
 b - a book of Flames

   Spells                             Type                      Level
   *Flame Tongue                      Conjuration/Fire             1
   *Throw Flame                       Conjuration/Fire             2
   *Conjure Flame                     Conjuration/Fire             3
   Inner Flame                        Hexes/Fire                   3
   *Sticky Flame                      Conjuration/Fire             4
   Fireball                           Conjuration/Fire             5
Magical staves
 l - an uncursed staff of conjuration {unknown}


   Skills:
 - Level 2.1 Dodging
 - Level 2.0 Stealth
 + Level 3.7 Spellcasting
 * Level 6.5 Conjurations
 * Level 6.6 Fire Magic


You had 3 spell levels left.
You knew the following spells:

 Your Spells              Type           Power        Failure   Level  Hunger
a - Flame Tongue          Conj/Fire      ####.        1%          1    None
b - Throw Flame           Conj/Fire      ####..       1%          2    ##.....
c - Conjure Flame         Conj/Fire      ####....     3%          3    ###....
d - Sticky Flame          Conj/Fire      ####....     14%         4    ####...


Dungeon Overview and Level Annotations

Branches:
Dungeon (5/16)
 Temple: D:4-7

Altars:

Annotations:
Sewer dck's ghost, average VSWn


Innate Abilities, Weirdness & Mutations

You can fly.
You have a beak for a mouth.
You have claws for feet.


Message History

Dck's ghost is severely damaged.
Dck's ghost hits you.
* * * LOW HITPOINT WARNING * * *
Casting: Flame Tongue
Confirm with . or Enter, or press ? or * to list all spells.
Aiming: Flame Tongue
Press: ? - help, Shift-Dir - straight line, f/p - dck's ghost
Aim: dck's ghost (steam, severely damaged)
The flame hits dck's ghost.
Dck's ghost resists.
Dck's ghost is almost destroyed.
Dck's ghost barely misses you.
Casting: Flame Tongue
Confirm with . or Enter, or press ? or * to list all spells.
Aiming: Flame Tongue
Press: ? - help, Shift-Dir - straight line, f/p - dck's ghost
Aim: dck's ghost (steam, almost destroyed)
The flame hits dck's ghost.
Dck's ghost resists.
Dck's ghost is almost destroyed.
Dck's ghost hits you!
You die...

#..≈.≈≈≈..≈≈≈.
#.≈≈≈≈≈≈≈≈≈≈≈≈≈
#.≈≈≈≈≈≈≈≈≈≈≈≈≈
#.≈≈≈≈≈≈≈≈≈≈≈≈≈
#..≈≈≈≈≈≈≈≈.≈≈..
##≈≈≈##≈≈≈≈.###
#≈%≈##.≈≈≈≈#
#%≈≈##.≈≈≈.#
#.≈≈##@≈≈≈.#
#.≈≈##.p≈≈.#
#≈≈≈##.≈≈≈.#
#...##.≈≈≈.#
##.###.≈≈≈.≈≈≈≈
#.# #.≈≈≈.≈≈≈
#.# #.≈≈≈.≈≈≈
#∩# #.≈≈≈.≈≈≈
#.# #.≈≈≈≈≈≈


You could see dck's ghost.

Vanquished Creatures
  A sky beast (D:5)
  A big fish (D:5)
  A crimson imp (D:5)
  2 hounds
  A black bear skeleton (D:4)
  A worker ant (D:4)
  A scorpion (D:5)
  4 orc wizards
  Jessica (D:3)
  Terence (D:2)
  A hound skeleton (D:5)
  7 adders
  4 worms (D:2)
  3 giant mites
  A giant eyeball (D:4)
  3 giant geckos
  11 orcs
  6 giant cockroaches
  13 goblins
  7 hobgoblins
  9 kobolds
  2 ball pythons (Sewer)
  10 bats
  12 giant newts
  8 jackals
  11 rats
122 creatures vanquished.

Notes
Turn   | Place    | Note
--------------------------------------------------------------
     0 | D:1      | Kae, the Tengu Fire Elementalist, began the quest for the Orb.
     0 | D:1      | Reached XP level 1. HP: 10/10 MP: 3/3
   255 | D:1      | Reached XP level 2. HP: 15/15 MP: 1/5
   857 | D:1      | Reached XP level 3. HP: 7/19 MP: 5/7
   922 | D:1      | Reached skill level 4 in Fire Magic
  2087 | D:2      | Reached XP level 4. HP: 10/24 MP: 0/9
  2252 | D:2      | Noticed Terence
  2260 | D:2      | Learned a level 2 spell: Throw Flame
  2264 | D:2      | Learned a level 3 spell: Conjure Flame
  2272 | D:2      | Killed Terence
  3107 | D:2      | Reached XP level 5. HP: 26/28 MP: 7/13
  3330 | D:3      | Noticed Jessica
  3338 | D:3      | Killed Jessica
  3356 | D:3      | Reached skill level 5 in Fire Magic
  3919 | D:3      | Reached XP level 6. HP: 30/32 MP: 10/15
  4951 | D:4      | Reached skill level 5 in Conjurations
  5538 | D:4      | Paralysed by a giant eyeball for 4 turns
  5577 | D:4      | Reached skill level 6 in Fire Magic
  5723 | D:5      | Entered Level 5 of the Dungeon
  5733 | D:5      | Reached XP level 7. HP: 33/36 MP: 17/17
  5815 | D:5      | Learned a level 4 spell: Sticky Flame
  5953 | D:5      | Found a glowing drain.
  5982 | Sewer    | Entered a sewer
  6045 | Sewer    | Noticed dck's ghost (average VSWn)
  6065 | Sewer    | Slain by dck's ghost

Action                   |  1- 3 |  4- 6 |  7- 9 || total
-------------------------+-------+-------+-------++-------
Melee: Unarmed           |    50 |       |       ||    50
       Dagger            |    57 |   123 |    19 ||   199
 Cast: Flame Tongue      |    36 |   106 |    34 ||   176
       Conjure Flame     |       |     2 |       ||     2
       Throw Flame       |       |     6 |       ||     6
       Sticky Flame      |       |       |     1 ||     1
Evoke: Wand              |       |     1 |     1 ||     2
  Use: Scroll            |     4 |     5 |       ||     9
       Potion            |       |     3 |       ||     3
 Stab: Sleeping          |     1 |     2 |     2 ||     5
